 Seeded DCSS version 0.29.0-13-gc9e81de378 (webtiles) character file.

Game seed: 3875183420463564524 (custom seed)

56 bwicke the Slasher (level 3, -8/24 HPs)
             Began as an Octopode Gladiator on Sept 7, 2022.
             Splashed by a jelly's acid (11 damage)
             ... on level 3 of the Dungeon on Sept 8, 2022.
             The game lasted 00:04:49 (1974 turns).

bwicke the Slasher (Octopode Gladiator)             Turns: 1974, Time: 00:04:51

Health: -8/24      AC: -11   Str: 19    XL:     3   Next: 95%
Magic:  3/3        EV: 14    Int: 10    God:
Gold:   89         SH:  0    Dex: 21    Spells: 2/2 levels left

rFire   . . .      SeeInvis .   a - +0 long sword
rCold   . . .      Faith    .   (no shield)
rNeg    . . .      Spirit   .   b - +0 hat
rPois   .          Reflect  .   (no amulet)
rElec   .          Harm     .   i - +6 ring of strength
rCorr   .          Rampage  .   l - +6 ring of dexterity
Will    .....                   (no ring)
Stlth   +++.......              (no ring)
HPRegen 0.08/turn               (no ring)
MPRegen 0.08/turn               (no ring)
                                (no ring)
                                (no ring)

@: corroded
A: almost no armour, amphibious, 8 rings, camouflage 1, gelatinous body 1,
(nimble swimmer 1), tentacles
a: no special abilities


You were on level 3 of the Dungeon.
You visited 1 branch of the dungeon, and saw 3 of its levels.

You collected 89 gold pieces.

Inventory:

Hand Weapons
 a - a +0 long sword (weapon)
Missiles
 c - 5 throwing nets (quivered)
 d - a javelin
 g - 6 poisoned darts
 q - 2 atropa-tipped darts
Armour
 b - a +0 hat (worn)
 e - a +0 kite shield
Jewellery
 i - a +6 ring of strength (left tentacle)
 l - a +6 ring of dexterity (right tentacle)
Scrolls
 h - 2 scrolls of identify {unknown}
 k - a scroll of noise {unknown}
 n - 4 scrolls of blinking {unknown}
 o - a scroll of vulnerability {unknown}
 p - a scroll of magic mapping {unknown}
 r - a scroll of torment {unknown}
Potions
 f - a potion of cancellation {unknown}
 j - 2 potions of berserk rage {unknown}
 m - a potion of invisibility {unknown}


   Skills:
 - Level 2.2 Fighting
 + Level 4.4 Long Blades
 - Level 2.1 Throwing
 - Level 3.1 Dodging


You had 2 spell levels left.
You didn't know any spells.
Your spell library contained the following spells:

 Spells                   Type           Power      Damage    Failure   Level
 Call Canine Familiar     Summ           0%         N/A       75%         3
 Portal Projectile        Hex/Tloc       0%         N/A       75%         3
 Leda's Liquefaction      Hex/Erth       0%         N/A       98%         4


Dungeon Overview and Level Annotations

Branches:
Dungeon (3/15)

Altars:


Innate Abilities, Weirdness & Mutations

You cannot wear most types of armour.
You are amphibious.
You can wear up to eight rings at the same time.
Your skin changes colour to match your surroundings (Stealth+).
Your rubbery body absorbs attacks. (AC +1, EV +1)
((You are camouflaged when in or above water. (Stealth+)))
You have tentacles for arms and can constrict up to eight enemies at once.


Message History

You constrict the worm. The worm bites you!
You slash the worm!
You kill the worm!
You barely miss the frilled lizard. Your grab misses the frilled lizard.
You squeeze the frilled lizard.
You kill the frilled lizard!
HP restored.
You open the door.
There is an open door here.
Found an escape hatch in the floor.
There is an escape hatch in the floor here.
There is a stone staircase leading down here.
As you open the door, it creaks loudly!
There is an open door here.
You open the door.
There is an open door here.
Done exploring.
(D) Dungeon
Where to? (Enter - D:2, ? - help)
There is a stone staircase leading down here.
You climb downwards.
Found a scroll labelled BAUNNI GORUS.
There is a stone staircase leading up here.
A jelly is nearby!
The helpless jelly fails to defend itself.
You slash the jelly! The acid corrodes you!
Your tentacles burn!
The jelly is moderately wounded.
The jelly hits you. The acid corrodes you!
You are splashed with acid!
You hit the jelly but do no damage.
Your tentacles burn!
You squeeze the jelly, but do no damage.
The jelly is moderately wounded.
The jelly closely misses you.
You hit the jelly but do no damage. The acid corrodes you!
Your tentacles burn!
* * * LOW HITPOINT WARNING * * *
You squeeze the jelly, but do no damage.
The jelly is moderately wounded.
The jelly hits you.
* * * LOW HITPOINT WARNING * * *
The acid corrodes you!
You are splashed with acid!
You die...

#..# #..#
##..#
...# #..#
#.?# #..#
#J@#
........#
######..#
#..# ...#
.....
...#.
###. #


You could see a jelly.

Vanquished Creatures
  A gnoll (D:1)
  A worm (D:2)
  A dart slug (D:1)
  An endoplasm (D:2)
  2 giant cockroaches
  3 goblins (D:1)
  6 hobgoblins
  3 jackals (D:2)
  2 kobolds (D:1)
  3 quokkas
  2 ball pythons (D:2)
  5 bats
  2 frilled lizards
  7 rats
39 creatures vanquished.

Notes
Turn   | Place    | Note
-------+----------+-------------------------------------------
     0 | D:1      | bwicke the Octopode Gladiator began the quest for the Orb.
     0 | D:1      | Reached XP level 1. HP: 14/14 MP: 1/1
   146 | D:1      | Reached XP level 2. HP: 19/19 MP: 2/2
   358 | D:1      | Reached XP level 3. HP: 24/24 MP: 3/3
  1053 | D:2      | Reached skill level 4 in Long Blades
  1065 | D:2      | Found a faded altar of an unknown god.
  1974 | D:3      | Splashed by a jelly's acid

Illustrated notes

Levels and vault maps discovered:
D:1:      elethiomel_arrival_infinity_welcomes_careful_drivers, layout_basic
D:2:      layout_basic, shapermc_ecumenical_altar_starsandcircs,
          roderic_lattice_a, kennysheep_potato
D:3:      layout_loops_ring, serial_shops, nicolae_shop_behind_doors,
          corexii_leaking_fountain

Skill      XL: |  1  2  3 |
---------------+----------+-----
Long Blades    | 4 |  4.4
Fighting       | |  2.2
Throwing       | |  2.1
Dodging        | |  3.1

Action                   || total
-------------------------++-------
Melee: Long sword        ||    72
       Constrict         ||    24
       Tentacles         ||    16
       Punch             ||     1
Throw: Throwing net      ||     1
 Stab: Sleeping          ||     6
       Distracted        ||     1
Armor: Skin              ||     7
Dodge: Dodged            ||    58
